 Dungeon Crawl Stone Soup version 0.24.0-13-gcf9b3192b9 (webtiles) character file.

Game seed: 10765192799461513232, levelgen mode: deterministic

3950 Thantalas the Blocker (level 10, -6/94 HPs)
             Began as a Deep Dwarf Fighter on Nov 9, 2019.
             Was a Follower of Makhleb.
             Mangled by a hornet (8 damage)
             ... on level 8 of the Dungeon on Nov 10, 2019.
             The game lasted 00:16:34 (5841 turns).

Thantalas the Blocker (Deep Dwarf Fighter)          Turns: 5841, Time: 00:16:34

Health: -6/94      AC: 17    Str: 24    XL:     10   Next: 2%
Magic:  4/4        EV:  7    Int:  8    God:    Makhleb [*.....]
Gold:   586        SH: 12    Dex: 15    Spells: 9/9 levels left

rFire    . . .     SeeInvis .   i - +2 short sword (vamp) {!w}
rCold    . . .     Gourm    .   c - +0 shield
rNeg     . . .     Faith    .   j - +0 chain mail
rPois    .         Spirit   .   (no helmet)
rElec    .         Reflect  .   w - +2 cloak
rCorr    .         Harm     .   m - +0 pair of gloves
MR       +....                  r - +0 pair of boots
Stlth    ..........             (no amulet)
HPRegen  0.00/turn              h - ring of stealth
MPRegen  0.09/turn              s - +3 ring of dexterity

@: non-regenerating, slowed, very slow
A: damage resistance, heal wounds, sense surroundings 2, no regeneration
a: Heal Wounds, Renounce Religion


You were on level 8 of the Dungeon.
You worshipped Makhleb.
Makhleb was aware of your devotion.
You were not hungry.

You visited 2 branches of the dungeon, and saw 9 of its levels.

You collected 586 gold pieces.

Inventory:

Hand Weapons
 a - a +1 war axe
 b - a +2 flail of crushing
   (You took it off an orc on level 6 of the Dungeon)
 i - a +2 vampiric short sword (weapon) {!w}
   (You took it off an orc on level 5 of the Dungeon)
Missiles
 A - 2 throwing nets (quivered) {!f}
Armour
 c - a +0 shield (worn)
 j - a +0 chain mail (worn)
   (You took it off an orc priest on level 4 of the Dungeon)
 m - a +0 pair of gloves (worn)
   (You found it on level 2 of the Dungeon)
 r - a +0 pair of boots (worn)
   (You found it on level 3 of the Dungeon)
 w - a +2 cloak (worn)
   (You found it on level 5 of the Dungeon)
Jewellery
 h - a ring of stealth (left hand)
   (You found it on level 1 of the Dungeon)
 s - a +3 ring of dexterity (right hand)
   (You found it on level 5 of the Dungeon)
Wands
 d - a wand of iceblast (5)
   (You took it off Ijyb on level 3 of the Dungeon)
 v - a wand of digging (7)
   (You found it on level 6 of the Dungeon)
Scrolls
 g - a scroll of teleportation {@r4}
 p - 2 scrolls of magic mapping
 u - 2 scrolls of remove curse {@r2}
 x - 2 scrolls of identify {@r1}
Potions
 e - 3 potions of curing {@q1}
 k - 2 potions of resistance
 l - a potion of flight
 n - 2 potions of might
 o - a potion of ambrosia
 q - 3 potions of berserk rage
 t - 2 potions of magic
 C - a potion of invisibility
Comestibles
 f - 13 rations {!d}
 z - 10 chunks of flesh


   Skills:
 + Level 7.2 Fighting
 + Level 8.2 Axes
 + Level 8.6 Armour
 + Level 8.6 Shields


You had 9 spell levels left.
You didn't know any spells.
Your spell library contained the following spells:

 Spells                   Type           Power        Failure   Level  Hunger
 Corona                   Hex            #......      99%         1    ##.....
 Magic Dart               Conj           #...         99%         1    ##.....
 Sandblast                Erth           #.....       99%         1    ##.....
 Blink                    Tloc           N/A          100%        2    ###....
 Call Imp                 Summ           #.......     100%        2    ###....
 Ensorcelled Hibernation  Hex/Ice        #.....       100%        2    ###....
 Slow                     Hex            #.......     100%        2    ###....
 Confuse                  Hex            #.......     100%        3    ####...
 Conjure Flame            Conj/Fire      #.......     100%        3    ####...
 Dazzling Spray           Conj/Hex       #.....       100%        3    ####...
 Mephitic Cloud           Conj/Pois/Air  #.......     100%        3    ####...
 Tukima's Dance           Hex            #.......     100%        3    ####...


Dungeon Overview and Level Annotations

Branches:
Dungeon (8/15)             Temple (1/1) D:6
   Lair: D:8-11

Altars:
Ashenzari
Cheibriados
Dithmenos
Fedhas
Gozag
Hepliaklqana
Makhleb
Nemelex Xobeh
Okawaru
Qazlal
Ru
Sif Muna
Trog
Uskayaw
Vehumet
Wu Jian
Xom
Zin
The Shining One

Shops:
D:6 (

Annotations:
D:3 1 runed translucent door
D:5 1 runed translucent door, Granthy's ghost, amateur MfGl


Innate Abilities, Weirdness & Mutations

You are resistant to damage.
You can heal yourself by infusing magical energy.
You passively map the area around you.
You do not regenerate.


Message History

You feel sick.
The killer bee stings you but does no damage.
The hornet stings you.
You feel as though you will be slow longer.
The killer bee stings you.
* * * LOW HITPOINT WARNING * * *
You are lethally poisoned!
The killer bee poisons you! The hornet stings you!
* * * LOW HITPOINT WARNING * * *
You feel as though you will be slow longer.
You can move again.
Okay, then.
You feel better. The killer bee stings you.
* * * LOW HITPOINT WARNING * * *
You block the killer bee's attack. The hornet stings you!
* * * LOW HITPOINT WARNING * * *
You feel as though you will be slow longer.
You block the killer bee's attack. The hornet stings you!
* * * LOW HITPOINT WARNING * * *
You feel as though you will be slow longer.
Unknown command.
Unknown command.
You fail to use your ability.
The killer bee stings you but does no damage.
The hornet stings you but does no damage.
The killer bee stings you but does no damage.
You block the hornet's attack. You block the killer bee's attack.
Your shield and chain mail prevent you from hitting the hornet.
You block the killer bee's attack. You block the hornet's attack.
The killer bee stings you.
* * * LOW HITPOINT WARNING * * *
You block the hornet's attack.
The killer bee stings you but does no damage.
The howler monkey hoots and howls with incredible vigour!
The hornet stings you but does no damage.
The killer bee completely misses you.
You closely miss the hornet. You block the killer bee's attack.
The hornet stings you but does no damage.
The killer bee stings you but does no damage.
The hornet stings you.
You feel as though you will be slow longer.
The killer bee barely misses you.
The hornet stings you but does no damage.
You closely miss the hornet.
The killer bee stings you but does no damage.
The killer bee barely misses you. The hornet closely misses you.
The killer bee stings you but does no damage.
The howler monkey hoots and howls with incredible vigour!
The hornet stings you!
You die...

, * , , , ** #.... . # , .###
#.... .##* , *, ##. ,...* #....
...## #.. *#..# #.... #....###,,
*..###...#########'##
.......###,* ...#..##...........
.......'.##### .h...#............
.#....##...#.###yy.##............
,#...)#...##...#@# #.............
#....###.'......###.............
#......###).#..##.#.............
,#.......#......#..'.............
#.......###...##.##.......).....
####......###.#..#......####+###
*, #........###..#......'.......
,, #.............#......#.......
* , +.......#.....#......#.......


You could see a hornet, a howler monkey and a killer bee.

Vanquished Creatures
  Joseph (D:7)
  A gargoyle (D:8)
  A wyvern (D:8)
  A hungry ghost (D:8)
  Menkaure (D:5)
  Edmund (D:4)
  Duvessa (D:7)
  A sky beast (D:6)
  A necrophage (D:8)
  An ice beast (D:5)
  An eye of draining (D:8)
  3 phantoms
  5 ogres
  2 centaurs
  Blork the orc (D:5)
  5 bullfrogs
  A wyvern zombie (D:6)
  Dowan (D:7)
  A scorpion (D:5)
  A water moccasin skeleton (D:6)
  4 howler monkeys
  2 jellies
  2 centaur zombies
  Crazy Yiuf (D:5)
  2 hounds
  4 orc wizards
  2 orc priests (D:4)
  Ijyb (D:3)
  A killer bee zombie (D:8)
  An ogre zombie (D:6)
  A worker ant zombie (D:6)
  11 gnolls
  A gnoll zombie (D:6)
  6 adders
  2 howler monkey skeletons
  2 shadow imps
  An ooze (D:3)
  2 adder skeletons
  5 worms
  3 dart slugs
  7 leopard geckos
  16 orcs
  12 giant cockroaches
  8 goblins
  8 hobgoblins
  11 jackals
  5 kobolds
  A quokka (D:4)
  4 ball pythons
  4 bats
  7 frilled lizards
  A giant cockroach zombie (D:5)
  2 leopard gecko zombies
  8 rats
179 creatures vanquished.

Notes
Turn   | Place    | Note
-------+----------+-------------------------------------------
     0 | D:1      | Thantalas the Deep Dwarf Fighter began the quest for the
                  | Orb.
     0 | D:1      | Reached XP level 1. HP: 20/20 MP: 1/1
   100 | D:1      | Reached XP level 2. HP: 25/27 MP: 2/2
   889 | D:2      | Reached XP level 3. HP: 27/34 MP: 3/3
  1012 | D:2      | Found a faded altar of an unknown god.
  1892 | D:3      | Reached XP level 4. HP: 33/42 MP: 4/4
  1897 | D:3      | Found a hide-covered altar of Uskayaw.
  1898 | D:3      | Found a bloodstained altar of Trog.
  1931 | D:3      | Found a shattered altar of Ashenzari.
  1958 | D:3      | Found a blossoming altar of Fedhas.
  2021 | D:3      | Noticed Ijyb
  2043 | D:3      | Killed Ijyb
  2047 | D:3      | Found a runed translucent door.
  2047 | D:3      | Found a glowing silver altar of Zin.
  2047 | D:3      | Noticed an angel
  2241 | D:3      | Reached XP level 5. HP: 37/49 MP: 4/4
  2671 | D:4      | Reached XP level 6. HP: 39/57 MP: 4/4
  2684 | D:4      | HP: 1/57 [ogre/+0 giant club (24)]
  2690 | D:4      | Reached skill level 5 in Armour
  2690 | D:4      | Reached skill level 5 in Shields
  2832 | D:4      | Noticed Edmund
  2849 | D:4      | Killed Edmund
  2849 | D:4      | Reached XP level 7. HP: 51/66 MP: 4/4
  3142 | D:5      | Entered Level 5 of the Dungeon
  3225 | D:5      | You fall into a shaft and drop 1 floor!
  3245 | D:5      | Found a runed translucent door.
  3245 | D:5      | Noticed Blork the orc
  3245 | D:5      | Noticed Granthy's ghost (amateur MfGl)
  3280 | D:5      | Killed Blork the orc
  3280 | D:5      | Reached skill level 5 in Axes
  3399 | D:5      | Reached skill level 5 in Fighting
  3413 | D:5      | Reached XP level 8. HP: 63/74 MP: 4/4
  3553 | D:5      | Found a runed translucent door.
  3554 | D:5      | Noticed Crazy Yiuf
  3616 | D:5      | Noticed Menkaure
  3624 | D:5      | Killed Menkaure
  3790 | D:5      | Paralysed by Crazy Yiuf for 6 turns
  3800 | D:5      | Killed Crazy Yiuf
  3967 | D:6      | Found a transporter.
  3980 | D:6      | Found a transporter.
  4106 | D:6      | Found Fuudaj's Weapon Shop.
  4136 | D:6      | Found a staircase to the Ecumenical Temple.
  4167 | Temple   | Entered the Ecumenical Temple
  4182 | Temple   | Became a worshipper of Makhleb the Destroyer
  4767 | D:7      | Gained mutation: You passively map the area around you.
                  | [Deep Dwarf growth]
  4767 | D:7      | Reached XP level 9. HP: 36/82 MP: 5/5
  4887 | D:7      | Found a shimmering blue altar of Sif Muna.
  4901 | D:7      | Identified Sif Muna's Handbook of Earth
  4928 | D:7      | Noticed Joseph
  5014 | D:7      | Killed Joseph
  5095 | D:7      | Noticed Dowan
  5096 | D:7      | Noticed Duvessa
  5114 | D:7      | Killed Duvessa
  5127 | D:7      | Killed Dowan
  5237 | D:7      | Found a sacrificial altar of Ru.
  5320 | D:8      | Noticed a gargoyle
  5356 | D:8      | Killed a gargoyle
  5620 | D:8      | Reached * piety under Makhleb
  5809 | D:8      | Reached XP level 10. HP: 41/92 MP: 4/4
  5834 | D:8      | Paralysed by a hornet for 3 turns
  5837 | D:8      | HP: 4/94 [hornet (3)]
  5841 | D:8      | Mangled by a hornet

Levels and vault maps discovered:
D:1:      minmay_arrival_stone_box, layout_basic
D:2:      layout_loops_corners, chequers_ecumenical_altar_simple_redux,
          kennysheep_generic_room_7
D:3:      minmay_roachtagon, layout_loops_ring, cheibrodos_ashenzari_chains,
          chequers_temple_overflow_statue_of_worship, lemuel_crystal_altar,
          first_ration, lemuel_angel_altar, uniq_ijyb
D:4:      layout_rooms, uniq_edmund
D:5:      layout_rooms, gammafunk_ghost_grave, uniq_crazy_yiuf_cottage,
          uniq_menkaure, uniq_blork_the_orc
D:6:      gammafunk_cloud_chamber, layout_basic,
          minmay_temple_entry_enclosed_plants, serial_shops, shop,
          chequers_serial_rivers_micro_e, corexii_item_surrounded_by_moat
D:7:      layout_rooms, led_sif_book, nicolae_ru_the_path_less_chosen,
          uniq_duvessa, uniq_joseph
D:8:      minmay_slanted_spiral_squares, layout_gridville, kennysheep_ying_yang
Temple:   jpeg_temple_clearing

Skill      XL: |  1  2  3  4  5  6  7  8  9 |
---------------+----------------------------+-----
Fighting       | 3 4 5 6 7 |  7.2
Axes           | 3 4 5 6 8 |  8.2
Shields        | 4 5 6 7 8 |  8.6
Armour         | 4 5 6 7 8 |  8.6

Action                   |  1- 3 |  4- 6 |  7- 9 | 10-12 || total
-------------------------+-------+-------+-------+-------++-------
Melee: War axe           |   140 |   168 |    67 |       ||   375
       Short sword       |       |       |   655 |    20 ||   675
 Abil: Heal Wounds       |     1 |     8 |    12 |     1 ||    22
Evoke: Wand              |       |       |     7 |       ||     7
  Use: Scroll            |     6 |     5 |     6 |       ||    17
       Potion            |       |       |     5 |     1 ||     6
  Eat: Chunk             |     3 |     4 |     9 |       ||    16
       Ration            |       |       |     2 |       ||     2
Armor: Scale mail        |    52 |    85 |       |       ||   137
       Chain mail        |       |       |   381 |    39 ||   420
Dodge: Dodged            |    29 |    66 |   160 |    18 ||   273
Block: Shield            |    73 |    92 |   460 |    36 ||   661
